AoeStats
← Stanko2026

QS Arena

503487832Analyzed
1v1 RM · 1mo ago on Aug 31, 2026· 40m 26s· 2 players
Game mode
Random Map
Map size
Tiny (2 player)
Population
200
Speed
Normal
Resources
Standard
Victory
Conquest
Starting age
Dark Age
Ending age
Imperial Age
RankedLock teamsTeams togetherTeam positionsShared explorationLock speedFull tech treeHidden civsTurbo modeCheats
Victory
Defeat
🇺🇸 Turks · United States
734
+17
🇩🇪 Burgundians · Germany
748
-17
cN DeCass
9:42 Feudal Age
13:59 Castle Age
19:58 Imperial Age
22:51 Wheelbarrow
22:05 Town Watch
31:55 Forging
31:36 Fletching
33:38 Cavalier
36:02 Bodkin Arrow
36:44 Iron Casting
Stanko2026
0:29 Loom
3:54 Horse Collar
6:54 Double-Bit Axe
10:48 Feudal Age
11:32 Heavy Plow
11:45 Bow Saw
11:59 Gold Mining
11:59 Stone Mining
14:45 Stone Shaft Mining
14:45 Gold Shaft Mining
20:25 Castle Age
21:44 Crop Rotation
22:19 Two-Man Saw
21:55 Fervor
22:06 Sanctity
22:29 Pikeman
23:09 Squires
22:34 Light Cavalry
23:15 Husbandry
22:36 Cavalier
24:49 Murder Holes
25:15 Ballistics
25:07 Fortified Wall
25:18 Elite Skirmisher
28:00 Fletching
28:47 Bodkin Arrow
37:16 Padded Archer Armor
Connection lost

Rejoining the realm…

Still unreachable

The connection could not be restored.

Session expired

The server has moved on; the page needs a fresh start.